 Dungeon Crawl Stone Soup version 0.23-a0-373-g305c090 (webtiles) character file.

28 Garbasso the Caller (level 2, 0/19 HPs)
             Began as a Mummy Summoner on Oct 25, 2018.
             Slain by a goblin (3 damage)
             ... on level 2 of the Dungeon.
             The game lasted 00:03:34 (1257 turns).

Garbasso the Caller (Mummy Summoner)                Turns: 1257, Time: 00:03:35

Health: 0/19       AC:  2    Str: 11    XL:     2   Next: 96%
Magic:  2/6        EV: 12    Int: 14    God:
Gold:   44         SH:  0    Dex: 12    Spells: 4/7 levels left

rFire    x . .     SeeInvis .   b - +0 spear
rCold    + . .     Gourm    .   (no shield)
rNeg     + + +     Faith    .   a - +0 robe
rPois    ∞         Spirit   .   (no helmet)
rElec    .         Reflect  .   (no cloak)
rCorr    .         Harm     .   (no gloves)
MR       .....                  (no boots)
Stlth    ++........             (no amulet)
HPRegen  0.06/turn              (no ring)
MPRegen  0.10/turn              (no ring)

@: no status effects
A: no food or potions, fire vulnerability, cold resistance 1, negative energy
resistance 3, torment resistance, unbreathing
a: no special abilities


You were on level 2 of the Dungeon.
You were not hungry.

You visited 1 branch of the dungeon, and saw 2 of its levels.

You collected 44 gold pieces.

Inventory:

Hand Weapons
 b - a +0 spear (weapon)
Armour
 a - a +0 robe (worn)
 f - a +0 buckler
Scrolls
 c - a scroll of enchant weapon {unknown}
 d - a scroll of fog {unknown}
 e - a scroll of amnesia {unknown}
 g - a scroll of fear {unknown}
 h - a scroll of noise {unknown}
 i - 2 scrolls of remove curse {unknown}
 j - a scroll of identify {unknown}


   Skills:
 - Level 1.5 Dodging
 - Level 1.5 Stealth
 + Level 3.2 Spellcasting
 * Level 3.9 Summonings


You had 4 spell levels left.
You knew the following spells:

 Your Spells              Type           Power        Failure   Level  Hunger
a - Summon Small Mammal   Summ           ##..         4%          1    N/A
b - Call Imp              Summ           ##......     6%          2    N/A

Your spell library contained the following spells:

 Spells                   Type           Power        Failure   Level  Hunger
 Call Canine Familiar     Summ           ##......     13%         3    N/A
 Summon Guardian Golem    Hex/Summ       #.......     28%         3    N/A
 Summon Ice Beast         Ice/Summ       #.......     67%         4    N/A
 Summon Lightning Spire   Summ/Air       #.......     67%         4    N/A

Dungeon Overview and Level Annotations

Branches:
Dungeon (2/15)

Altars:


Innate Abilities, Weirdness & Mutations

You do not eat or drink.
Your flesh is vulnerable to fire.
You are immune to poison.
Your flesh is cold resistant. (rC+)
You are immune to negative energy. (rN+++)
You are immune to unholy pain and torment.
You can survive without breathing.


Message History

* * * LOW HITPOINT WARNING * * *
The hobgoblin hits your white imp with a cursed +0 club.
The goblin closely misses you.
Your rat barely misses the giant cockroach.
The giant cockroach bites you.
* * * LOW HITPOINT WARNING * * *
You closely miss the goblin.
Your bat barely misses the hobgoblin.
The hobgoblin barely misses your white imp.
The giant cockroach bites you.
* * * LOW HITPOINT WARNING * * *
The goblin hits you but does no damage.
Your white imp hits the hobgoblin but does no damage.
Your rat bites the giant cockroach but does no damage.
You hit the giant cockroach but do no damage.
The giant cockroach is heavily wounded.
Your bat barely misses the hobgoblin.
The hobgoblin hits your white imp but does no damage.
The giant cockroach barely misses you.
Your bat barely misses the hobgoblin.
The goblin hits you.
You die...

#####)..##
.........########
.######..##.....#
.....#..##§#####
...........###
.###.#..##.#.+
#.#.......#
##.##..###b###
#.....># #gs@#
...##..###5rg# .#
..(...(...b###...##
.........#.g.g.⌠...
...!.....####.....#
)........# ...##
.....†...# .##
........## #
........#


You could see a giant cockroach, a hobgoblin, a goblin, a friendly white imp, 2
friendly bats and a friendly rat.

Vanquished Creatures
  A dart slug (D:2)
  A leopard gecko (D:1)
  2 giant cockroaches (D:1)
  2 goblins
  3 hobgoblins
  A jackal (D:1)
  A kobold (D:2)
  3 rats
14 creatures vanquished.

Vanquished Creatures (collateral kills)
  An ooze (D:1)
  A bat (D:1)
  3 goblins (D:1)
  A hobgoblin (D:1)
  2 jackals (D:1)
  3 kobolds (D:1)
  A frilled lizard (D:1)
12 creatures vanquished.

Grand Total: 26 creatures vanquished

Notes
Turn   | Place    | Note
-------+----------+-------------------------------------------
     0 | D:1      | Garbasso the Mummy Summoner began the quest for the Orb.
     0 | D:1      | Reached XP level 1. HP: 13/13 MP: 4/4
   297 | D:1      | Reached XP level 2. HP: 8/19 MP: 1/6
   473 | D:1      | Learned a level 2 spell: Call Imp
  1257 | D:2      | Slain by a goblin

Vault maps used:
D:1:      dpeg_arrival_round_b, minmay_pentomino_r4
D:2:      grunt_ministairs_15

Skill      XL: |  1 |
---------------+----+-----
Spellcasting   | 3 |  3.2
Dodging        | |  1.5
Stealth        | |  1.5
Summonings     | |  3.9

Action                   || total
-------------------------++-------
Melee: Spear             ||    66
 Cast: Summon Small Mamm ||    29
       Call Imp          ||     5
 Stab: Sleeping          ||     3
Armor: Robe              ||     7
Dodge: Dodged            ||    33

Table legend:
 A = Non-vault XP
 B = Vault XP
 C = Vault XP percentage of total XP
 D = Non-vault monster count
 E = Vault monster count
 F = Vault count percentage of total count
                 A         B        C        D         E       F
            +---------+---------+-------+---------+---------+-------
      Total |      35 |       5 |  12.5 |      24 |       2 |   7.7
            +---------+---------+-------+---------+---------+-------
        D:1 |      26 |       5 |  16.1 |      19 |       2 |   9.5
        D:2 |       9 |       0 |   0.0 |       5 |       0 |   0.0
            +---------+---------+-------+---------+---------+-------
